 Dungeon Crawl Stone Soup version 0.25-a0-992-gca090100c3 (webtiles) character file.

Game seed: 6426858739280585391, levelgen mode: classic

102172 Amnesiac the Gelid (level 15, -45/135 HPs)
             Began as a Deep Elf Ice Elementalist on May 10, 2020.
             Was a High Priest of Vehumet.
             Killed from afar by an iron dragon (52 damage)
             ... with a spray of metal splinters
             ... on level 14 of the Dungeon.
             The game lasted 01:20:35 (26100 turns).

Amnesiac the Gelid (Deep Elf Ice Elementalist)     Turns: 26100, Time: 01:20:35

Health: -45/135    AC: 13    Str:  5    XL:     15   Next: 85%
Magic:  31/37      EV: 20    Int: 27    God:    Vehumet [*****.]
Gold:   190        SH: 14    Dex: 23    Spells: 6/46 levels left

rFire    . . .     SeeInvis +   B - +0 hand axe "Jougisext" {elec, Dex+8}
rCold    + . .     Gourm    .   D - +3 buckler {reflect}
rNeg     . . .     Faith    .   K - +3 leather armour "Harghuy" {rElec Regen+}
rPois    .         Spirit   .   (no helmet)
rElec    +         Reflect  +   v - +0 cloak
rCorr    .         Harm     .   l - +1 pair of gloves
MR       +....                  f - +0 pair of boots
Stlth    ..........             a - amulet of Voucufo {Reflect SH+5 SInv}
HPRegen  0.72/turn              d - +3 ring of protection
MPRegen  0.25/turn              I - ring of protection from cold

@: berserking, liquefying, very slightly contaminated, studying Evocations,
slowed movement, very quick
A: no striking features
a: Renounce Religion


You were on level 14 of the Dungeon.
You worshipped Vehumet.
Vehumet was extremely pleased with you.
You were full.

You visited 3 branches of the dungeon, and saw 17 of its levels.
You also visited: Sewer, Gauntlet and Ice Cave.

You collected 2458 gold pieces.
You spent 2268 gold pieces at shops.

Inventory:

Hand Weapons
 w - the +8 mithril axe "Arga" {speed, MR+}
   (You found it on level 14 of the Dungeon)

   Attacks with this weapon are significantly faster.
   It affects your resistance to hostile enchantments.
 x - the +0 flail of Invincibility {vorpal, +Fly rElec rF+++ Str-2}
   (You found it on level 5 of the Dungeon)

   It inflicts extra damage upon your enemies.
   It affects your strength (-2).
   It renders you almost immune to fire.
   It insulates you from electricity.
   It lets you fly.
 A - a +6 scimitar of venom
 B - the +0 hand axe "Jougisext" (weapon) {elec, Dex+8}
   (You found it in a Gauntlet)

   Occasionally, upon striking a foe, it will discharge some electrical energy
   and cause terrible harm.
   It affects your dexterity (+8).
 J - the +6 great sword "Vynic" {vamp, +Blink MP-9 Int+4, unknown}
   (You found it on level 10 of the Dungeon)

   It inflicts no extra harm, but heals its wielder when it wounds a living foe.
   It affects your intelligence (+4).
   It affects your magic capacity (-9).
   It lets you blink.
Missiles
 o - 33 poisoned darts (quivered)
Armour
 f - a +0 pair of boots (worn)
 l - a +1 pair of gloves (worn)
 v - a +0 cloak (worn)
 D - a +3 buckler of reflection (worn)
 K - the +3 leather armour "Harghuy" (worn) {rElec Regen+}
   (You bought it in a shop on level 2 of the Orcish Mines)

   It insulates you from electricity.
   It increases your rate of regeneration.
Magical Staves
 b - an uncursed staff of energy {!a}
Jewellery
 a - the amulet of Voucufo (around neck) {Reflect SH+5 SInv}
   (You found it in an ice cave)

   [amulet of reflection]

   It shields you and reflects attacks.
   It lets you see invisible.
   It affects your SH (+5).
 d - a +3 ring of protection (left hand)
 h - an uncursed ring of poison resistance
 n - an uncursed ring of resist corrosion
 q - the ring "Ijem" {rPois AC+4, unknown}
   (You found it on level 14 of the Dungeon)

   [ring of protection]

   It affects your AC (+4).
   It protects you from poison.
 u - an uncursed ring of flight
 G - an uncursed amulet of rage
 I - a ring of protection from cold (right hand)
 Q - an uncursed ring of fire
 R - the ring "Pirghon" {EV+3 Dex+4}
   (You found it in a Gauntlet)

   [ring of evasion]

   It affects your evasion (+3).
   It affects your dexterity (+4).
Wands
 e - a wand of enslavement (8)
 y - a wand of polymorph (11)
 L - a wand of disintegration (15)
 M - a wand of paralysis (14)
 U - a wand of digging (11)
Scrolls
 j - a scroll of fear {!r}
 k - 6 scrolls of remove curse {!r}
 m - 6 scrolls of fog {!r}
 r - 4 scrolls of magic mapping {!r}
 C - 2 scrolls of noise {!r}
 F - 4 scrolls of teleportation {!r}
 W - 2 scrolls of vulnerability {!r}
Potions
 g - 3 potions of brilliance {!q}
 i - 2 potions of ambrosia {!q}
 p - 2 potions of curing {!q}
 s - a potion of cancellation {!q}
 t - 3 potions of mutation {!q}
 z - 6 potions of flight {!q}
 S - 3 potions of resistance {!q}
Books
 E - a manual of Evocations
Comestibles
 c - 29 rations


   Skills:
 - Level 9.0 Fighting
 - Level 10.6 Dodging
 - Level 3.0 Stealth
 - Level 4.0 Shields
 - Level 16.1 Spellcasting
 - Level 18.8 Ice Magic
 + Level 6.4 Evocations


You had 6 spell levels left.
You knew the following spells:

 Your Spells              Type           Power        Failure   Level  Hunger
a - Ozocubu's Refrigerat  Ice            #######...   1%          6    ###....
b - Frozen Ramparts       Ice            ######       0%          3    None
c - Summon Ice Beast      Ice/Summ       ######..     1%          4    None
d - Stone Arrow           Conj/Erth      ###...       3%          3    None
e - Metabolic Englaciati  Hex/Ice        ######....   2%          5    None
f - Hailstorm             Conj/Ice       ######..     1%          4    None
g - Leda's Liquefaction   Hex/Erth       ###.......   36%         4    None
h - Borgnjor's Vile Clut  Necr/Erth      ###.......   71%         5    None
i - Freeze                Ice            ####         0%          1    None
j - Ensorcelled Hibernat  Hex/Ice        ######       1%          2    None
z - Ozocubu's Armour      Chrm/Ice       ######..     1%          3    None

Your spell library contained the following spells:

 Spells                   Type           Power        Failure   Level  Hunger
 Animate Skeleton         Necr           N/A          3%          1    None
 Corona                   Hex            ###....      3%          1    None
 Pain                     Necr           ###.         3%          1    None
 Dazzling Flash           Conj/Hex       ###...       3%          3    None
 Confusing Touch          Hex            ###.....     12%         3    None
 Gell's Gravitas          Tloc           ###.......   12%         3    None
 Tukima's Dance           Hex            ###.....     12%         3    None
 Vampiric Draining        Necr           ###.......   12%         3    None
 Yara's Violent Unravell  Hex/Tmut       ###.......   26%         5    None
 Animate Dead             Necr           N/A          36%         4    None
 Dispel Undead            Necr           ###.....     36%         4    None
 Petrify                  Tmut/Erth      ###.....     36%         4    None
 Agony                    Necr           ###.....     71%         5    None


Dungeon Overview and Level Annotations

Branches:
Dungeon (14/15)            Temple (1/1) D:5            Lair (0/6) D:9
    Orc (2/2) D:12            Elf (0/3) Orc:2        Vaults (0/5) D:14
  Sewer (visited)           IceCv (visited)         Gauntlet (visited)

Altars:
Ashenzari
Cheibriados
Dithmenos
Elyvilon
Fedhas
Gozag
Hepliaklqana
Kikubaaqudgha
Makhleb
Nemelex Xobeh
Okawaru
Qazlal
Ru
Sif Muna
Trog
Uskayaw
Vehumet
Wu Jian
Xom
Yredelemnul
Zin
The Shining One

Shops:
D:9 *!   Orc:2 }![}:

Annotations:
D:10 1 runed translucent door


Message History

t - Shout!
Orders for allies: a - Attack new target. r - Retreat! s - Stop attacking. g - Guard the area. f - Follow me.
Anything else - Cancel.
You shout for attention!
You start waiting.
The iron dragon roars deafeningly!
Done waiting.
You enter the transporter and appear at another place.
Casting: Ozocubu's Refrigeration (mildly dangerous; 1% risk of failure)
Confirm with . or Enter, or press ? or * to list all spells.
Okay, then.
Unknown command.
Press: ? - help, v - describe, . - travel, g - get item
Here: an iron dragon A translucent turquoise ring.
The floor.
Casting: Ozocubu's Refrigeration (mildly dangerous; 1% risk of failure)
Confirm with . or Enter, or press ? or * to list all spells.
Okay, then.
Casting: Ozocubu's Refrigeration (mildly dangerous; 1% risk of failure)
Confirm with . or Enter, or press ? or * to list all spells.
You miscast Leda's Liquefaction.
You are very lightly contaminated with residual magic.
Nothing appears to happen.
Casting: Leda's Liquefaction (dangerous; 36% risk of failure)
Confirm with . or Enter, or press ? or * to list all spells.
You miscast Leda's Liquefaction.
Nothing appears to happen.
The iron dragon barely misses you. The iron dragon claws you.
The iron dragon misses you.
Casting: Leda's Liquefaction (dangerous; 36% risk of failure)
Confirm with . or Enter, or press ? or * to list all spells.
The ground around you becomes liquefied!
Casting: Leda's Liquefaction (dangerous; 36% risk of failure)
Confirm with . or Enter, or press ? or * to list all spells.
Okay, then.
The ice dragon breathes frost at you. The blast of cold hits you!! You resist.
The iron dragon breathes metal splinters at you.
The spray of metal splinters hits you!! The ice dragon breathes frost at you.
The blast of cold hits you! You resist.
* * * LOW HITPOINT WARNING * * *
The ice dragon breathes frost at you. The blast of cold hits you!! You resist.
* * * LOW HITPOINT WARNING * * *
You see here 14 gold pieces.
Okay, then.
Unknown command.
The ice dragon breathes frost at you. The blast of cold hits you!! You resist.
* * * LOW HITPOINT WARNING * * *
You see here a translucent turquoise ring.
Unknown command.
q - a translucent turquoise ring The iron dragon breathes metal splinters at you.
The spray of metal splinters misses you.
Really quaff
H - a potion of berserk rage {!q}?
A red film seems to cover your vision as you go berserk!
You feel yourself moving faster!
You feel mighty!
The iron dragon breathes metal splinters at you.
The spray of metal splinters hits you!!!
You die...

##..## #..#......##..#......#
#...# #.##..#....##.+......#
##...#####.#.#..?#...#.#......###
....'......#.D#.##..##.#......'.#
....#####..##$#.$.#.#©........#..
....# #...#.#.....##........###
##..# #..©#?.D©#...#.#......#
#..# ##..#?D#.÷.#.#.#####+##
##..# #.##%..@.#.##.# #..# ....#
#.#..#.#...#..# #>## ....#
#.#..#.#...#.#####.# ....#
#.##......©#.# #...# ##..#
#..###...###.# #.### #..#
#....#####...###.####### ##..###
#..........####.........
..u...####..........'.##.........
(...#<...'..........#.........<..


You could see an iron dragon (catching breath) and an ice dragon.

Vanquished Creatures
  A minotaur (Gauntlet)
  The ghost of Iqohoc the Cleaver, a journeyman VSBe of Trog (D:14)
  8 vault guards (D:14)
  2 ice dragons (IceCv)
  3 hydras
  2 catoblepae
  2 centaur warriors (D:14)
  4 two-headed ogres
  A tengu warrior (D:9)
  3 orc high priests (Orc:2)
  2 sixfirhies (Gauntlet)
  5 unseen horrors
  A necromancer (Gauntlet)
  6 orc knights
  3 orc sorcerers (Orc:2)
  2 manticores
  4 cyclopes
  A deep elf mage (D:13)
  2 wolf spiders
  4 ugly things
  An oklob plant (D:11)
  A moth of wrath (D:14)
  2 gargoyles (Gauntlet)
  Psyche (D:11)
  An ice statue (IceCv)
  2 centaur skeletons
  2 rime drakes (IceCv)
  A kobold demonologist (D:12)
  A meliai (D:10)
  A queen bee (D:9)
  A meliai (shapeshifter) (Gauntlet)
  4 trolls
  A hornet (D:8)
  5 hippogriffs
  2 dream sheep (D:8)
  A redback (D:14)
  A wyvern (D:8)
  A vampire (D:12)
  3 tarantellas (Orc:1)
  7 yaks
  A yak (shapeshifter) (Gauntlet)
  A hungry ghost (D:10)
  Eustachio (D:5)
  Grum (D:8)
  9 vampire mosquitoes
  3 wargs
  An acid dragon (D:12)
  A soldier ant (D:12)
  A water moccasin (D:11)
  2 black bears
  17 ice beasts
  25 orc warriors
  2 phantoms
  5 sky beasts
  3 ogres
  A necrophage (D:7)
  7 wolves
  8 centaurs
  A crocodile (D:9)
  7 big kobolds
  9 bullfrogs
  9 scorpions
  6 wights
  30 killer bees
  6 howler monkeys
  A bullfrog zombie (D:12)
  5 crimson imps
  4 centaur zombies
  6 jellies
  7 hounds
  15 orc priests
  4 bullfrog skeletons
  4 iguanas
  22 orc wizards
  15 worker ants
  2 hound skeletons
  A howler monkey zombie (D:7)
  A worker ant zombie (D:11)
  7 gnolls
  A howler monkey skeleton (D:5)
  23 adders
  10 river rats
  6 shadow imps
  14 oozes (D:11)
  An adder zombie (D:5)
  An adder skeleton (D:7)
  A worm (D:2)
  2 dart slugs (D:3)
  7 leopard geckos
  65 orcs
  7 ball pythons
  9 giant cockroaches
  12 hobgoblins
  4 jackals (D:6)
  3 quokkas
  10 bats
  3 frilled lizards
  8 goblins
  A jackal skeleton (D:3)
  38 kobolds
  A quokka zombie (D:6)
  24 rats
598 creatures vanquished.

Vanquished Creatures (collateral kills)
  A two-headed ogre (D:9)
  A sixfirhy (Gauntlet)
  An ice statue (IceCv)
  A torpor snail (Gauntlet)
  Maggie (D:8)
  2 minotaur zombies (Gauntlet)
  A hornet (D:12)
  3 hungry ghosts
  3 ice beasts
  A wolf (D:8)
  2 centaurs (D:8)
  A wyvern zombie (D:13)
  3 wights (D:6)
  A bullfrog skeleton (D:9)
  A worker ant (D:8)
  A hound skeleton (D:9)
  A shadow imp (D:7)
25 creatures vanquished.

Vanquished Creatures (others)
  A harpy (D:14)
  A centaur (D:13)
  9 fungi
  A plant (D:9)
12 creatures vanquished.

Grand Total: 635 creatures vanquished

Notes
Turn   | Place    | Note
-------+----------+-------------------------------------------
     0 | D:1      | Amnesiac the Deep Elf Ice Elementalist began the quest for
                  | the Orb.
     0 | D:1      | Reached XP level 1. HP: 10/10 MP: 6/6
    97 | D:1      | Reached XP level 2. HP: 4/15 MP: 0/8
   589 | D:2      | Found a shimmering blue altar of Sif Muna.
   606 | D:2      | Reached skill level 5 in Ice Magic
   828 | D:3      | Found a faded altar of an unknown god.
   829 | D:3      | Reached XP level 3. HP: 19/19 MP: 8/10
   834 | D:3      | Learned a level 3 spell: Frozen Ramparts
   838 | D:3      | Learned a level 3 spell: Ozocubu's Armour
   994 | D:4      | Reached XP level 4. HP: 12/24 MP: 6/12
  1142 | D:4      | Learned a level 4 spell: Summon Ice Beast
  1330 | D:4      | Reached skill level 6 in Ice Magic
  1365 | D:4      | Found a bloodstained altar of Trog.
  1520 | D:4      | Reached XP level 5. HP: 17/28 MP: 9/14
  1833 | D:4      | Reached skill level 5 in Spellcasting
  2030 | D:5      | Entered Level 5 of the Dungeon
  2030 | D:5      | Noticed a phantom
  2107 | D:5      | Noticed Eustachio
  2126 | D:5      | Killed Eustachio
  2126 | D:5      | Reached skill level 7 in Ice Magic
  2126 | D:5      | Reached XP level 6. HP: 32/32 MP: 10/16
  2292 | D:5      | Got a crude flail
  2293 | D:5      | Identified the cursed +0 flail of Invincibility {vorpal,
                  | +Fly rElec rF+++ Str-2} (You found it on level 5 of the
                  | Dungeon)
  2349 | D:5      | Reached skill level 8 in Ice Magic
  2349 | D:5      | Reached XP level 7. HP: 26/36 MP: 15/18
  2368 | D:5      | Found a glowing drain.
  2377 | Sewer    | Entered a sewer
  3249 | D:5      | Found a staircase to the Ecumenical Temple.
  3258 | Temple   | Entered the Ecumenical Temple
  3278 | Temple   | Became a worshipper of Vehumet
  3883 | D:1      | Reached * piety under Vehumet
  3883 | D:1      | Offered knowledge of Magic Dart by Vehumet.
  4985 | D:2      | Reached skill level 9 in Ice Magic
  5783 | D:6      | Offered knowledge of Sandblast by Vehumet.
  5783 | D:6      | Reached skill level 1 in Evocations
  5819 | D:6      | Reached ** piety under Vehumet
  5829 | D:6      | Reached XP level 8. HP: 33/41 MP: 14/21
  5939 | D:6      | Found an opulent altar of Gozag.
  6418 | D:6      | Reached skill level 10 in Ice Magic
  7010 | D:7      | Reached skill level 1 in Shields
  7118 | D:7      | Offered knowledge of Stone Arrow by Vehumet.
  7199 | D:7      | Reached XP level 9. HP: 31/45 MP: 23/23
  7561 | D:7      | Reached *** piety under Vehumet
  8090 | D:8      | Learned a level 3 spell: Stone Arrow
  8102 | D:8      | Reached skill level 11 in Ice Magic
  8627 | D:8      | Offered knowledge of Ignite Poison by Vehumet.
  8957 | D:8      | Found a burning altar of Makhleb.
  9050 | D:8      | Found a basalt altar of Yredelemnul.
  9124 | D:8      | Paralysed by a hornet for 2 turns
  9125 | D:8      | Reached skill level 10 in Spellcasting
  9265 | D:8      | Reached skill level 12 in Ice Magic
  9276 | D:8      | Reached XP level 10. HP: 22/50 MP: 21/26
  9734 | D:8      | Noticed Maggie
  9739 | D:8      | Noticed Grum
  9756 | D:8      | Killed Grum
  9759 | D:8      | Killed Maggie
 10390 | D:8      | Noticed a three-headed hydra
 10397 | D:8      | Killed a three-headed hydra
 10397 | D:8      | Reached skill level 13 in Ice Magic
 10680 | D:9      | Noticed a two-headed ogre
 10703 | D:9      | Killed a two-headed ogre
 10703 | D:9      | Reached **** piety under Vehumet
 10850 | D:9      | Reached skill level 5 in Dodging
 11062 | D:9      | Offered knowledge of Lightning Bolt by Vehumet.
 11281 | D:9      | Found Myss's Distillery.
 11323 | D:9      | Found Limnisuyri's Assorted Antiques.
 11331 | D:9      | Bought a scroll labeled PEDOURHE UPLI for 35 gold pieces
 11331 | D:9      | Bought a scroll labeled XAYC RISELO for 35 gold pieces
 11437 | D:9      | Found a staircase to the Lair.
 11557 | D:9      | Reached XP level 11. HP: 15/54 MP: 24/28
 12160 | D:9      | Noticed a five-headed hydra
 12174 | D:9      | Killed a five-headed hydra
 12174 | D:9      | Reached skill level 14 in Ice Magic
 12289 | D:9      | Noticed a tengu warrior
 12304 | D:9      | Killed a tengu warrior
 12443 | D:9      | Noticed a two-headed ogre
 12471 | D:9      | Killed a two-headed ogre
 12678 | D:10     | Entered Level 10 of the Dungeon
 12787 | D:10     | Reached ***** piety under Vehumet
 12787 | D:10     | Offered knowledge of Conjure Ball Lightning by Vehumet.
 12917 | D:10     | Killed an unseen horror
 13247 | D:10     | Found a runed translucent door.
 13281 | D:10     | Noticed a two-headed ogre
 13290 | D:10     | Killed a two-headed ogre
 13330 | D:10     | Found a runed translucent door.
 13602 | D:10     | Noticed a two-headed ogre
 13618 | D:10     | Killed a two-headed ogre
 13637 | D:10     | Noticed a brown ugly thing
 13649 | D:10     | Killed a brown ugly thing
 13649 | D:10     | Reached skill level 15 in Ice Magic
 13982 | D:10     | Got a faintly glowing great sword
 14040 | D:10     | Learned a level 5 spell: Metabolic Englaciation
 14196 | D:11     | Noticed Psyche
 14203 | D:11     | Killed Psyche
 14672 | D:11     | Learned a level 4 spell: Hailstorm
 14745 | D:11     | Noticed a green ugly thing
 14758 | D:11     | Killed a green ugly thing
 14758 | D:11     | Reached XP level 12. HP: 56/59 MP: 19/31
 16250 | Gauntlet | Identified a paperback manual
 16250 | D:12     | Found a gate leading to a gauntlet.
 16319 | Gauntlet | Entered a Gauntlet
 16319 | Gauntlet | Found a transporter.
 16327 | Gauntlet | Found a transporter.
 16331 | Gauntlet | Found a transporter.
 16337 | Gauntlet | Found a transporter.
 16344 | Gauntlet | Found a transporter.
 16349 | Gauntlet | Found a transporter.
 16349 | Gauntlet | Found a transporter.
 16355 | Gauntlet | Found a transporter.
 16356 | Gauntlet | Found a transporter.
 16356 | Gauntlet | Noticed a catoblepas
 16359 | Gauntlet | Noticed a six-headed hydra
 16361 | Gauntlet | Found a transporter.
 16365 | Gauntlet | Found a transporter.
 16368 | Gauntlet | Found a transporter.
 16373 | Gauntlet | Found a transporter.
 16380 | Gauntlet | Found a transporter.
 16385 | Gauntlet | Found a runed translucent door.
 16668 | Gauntlet | Identified the Handbook of Evil Secrets and Hexes
 16792 | Gauntlet | Killed a catoblepas
 16792 | Gauntlet | Reached skill level 16 in Ice Magic
 17086 | Gauntlet | Killed a six-headed hydra
 17410 | Gauntlet | Got a transparent marble ring
 17413 | Gauntlet | Identified the ring "Pirghon" {EV+3 Dex+4} (You found it in
                  | a Gauntlet)
 17425 | Gauntlet | Noticed a minotaur
 17461 | Gauntlet | Killed a minotaur
 17461 | Gauntlet | Reached skill level 10 in Dodging
 17503 | Gauntlet | Found the +3 giant club "Skullcrusher" {speed, Str+7}
 17503 | Gauntlet | Got an encrusted hand axe
 17695 | D:12     | Noticed a two-headed ogre
 17716 | D:12     | Killed a two-headed ogre
 17834 | D:12     | Offered knowledge of Spellforged Servitor by Vehumet.
 17835 | D:12     | Identified the +0 hand axe "Jougisext" {elec, Dex+8} (You
                  | found it in a Gauntlet)
 17839 | D:12     | Reached skill level 5 in Fighting
 17839 | D:12     | Reached XP level 13. HP: 60/73 MP: 31/33
 18204 | D:12     | Found a staircase to the Orcish Mines.
 18723 | D:13     | Reached XP level 14. HP: 78/78 MP: 24/34
 18724 | D:13     | Reached skill level 17 in Ice Magic
 18725 | D:13     | Reached XP level 15. HP: 88/88 MP: 21/35
 20294 | D:14     | Found a transporter.
 20300 | D:14     | Noticed an iron dragon
 20316 | D:14     | Found a transporter.
 20316 | D:14     | Noticed Iqohoc's ghost (journeyman VSBe)
 20349 | D:14     | Found a gate to the Vaults.
 20376 | D:14     | Reached skill level 15 in Spellcasting
 20966 | D:14     | Found the +8 mithril axe "Arga" {speed, MR+}
 21102 | Orc:1    | Entered Level 1 of the Orcish Mines
 21644 | Orc:2    | Entered Level 2 of the Orcish Mines
 21644 | Orc:2    | Found Exynt's Book Boutique.
 21694 | Orc:2    | Reached skill level 18 in Ice Magic
 21803 | Orc:2    | Found a frozen archway.
 21810 | IceCv    | Entered an ice cave
 22585 | IceCv    | Got a twitching crystal amulet
 22643 | IceCv    | Identified the amulet of Voucufo {Reflect SH+5 SInv} (You
                  | found it in an ice cave)
 22713 | IceCv    | Learned a level 4 spell: Leda's Liquefaction
 22767 | IceCv    | Learned a level 5 spell: Borgnjor's Vile Clutch
 23937 | Orc:2    | Found a staircase to the Elven Halls.
 24866 | Orc:2    | Offered knowledge of Ozocubu's Refrigeration by Vehumet.
 24875 | Orc:2    | Learned a level 6 spell: Ozocubu's Refrigeration
 24995 | Orc:2    | Found Raobouq's Gadget Shop.
 24995 | Orc:2    | Found Fifeafips's Distillery.
 25002 | Orc:2    | Found Leyngi's Gadget Shoppe.
 25002 | Orc:2    | Found Dibiery's Antique Armour Shop.
 25555 | Orc:2    | Bought a manual of Evocations for 1766 gold pieces
 25607 | Orc:2    | Bought a polished leather armour for 189 gold pieces
 25617 | Orc:2    | Identified the +3 leather armour "Harghuy" {rElec Regen+}
                  | (You bought it in a shop on level 2 of the Orcish Mines)
 25618 | Orc:2    | Bought a steaming ring mail for 243 gold pieces
 25628 | Orc:2    | Identified the +1 ring mail of the Mutiny {rCorr} (You
                  | bought it in a shop on level 2 of the Orcish Mines)
 25791 | D:14     | Reached skill level 5 in Evocations
 25800 | D:14     | Killed Iqohoc's ghost
 25807 | D:14     | HP: 4/90 [ice dragon/blast of cold (33)]
 25965 | D:14     | Learned a level 2 spell: Ensorcelled Hibernation
 26095 | D:14     | HP: 1/90 [ice dragon/blast of cold (21)]
 26096 | D:14     | Got a translucent turquoise ring
 26100 | D:14     | Killed from afar by an iron dragon

Illustrated notes

Levels and vault maps discovered:
D:1:      wander_arrival_desolate, layout_loops_ring
D:2:      layout_loops_corners, nicolae_overflow_crystal_walls
D:3:      layout_rooms, chequers_ecumenical_altar_simple_redux, first_ration,
          st_stairs_6, chequers_serial_rivers_room_a
D:4:      layout_gridville, trog_three_pillars_becter
D:5:      layout_loops_cross, minmay_temple_entry_statues_pillars,
          portal_sewer_entry_a, uniq_eustachio
D:6:      layout_gridville, grunt_gozag_statues
D:7:      layout_basic
D:8:      layout_layer_cave, basic_altar, hangedman_ranch
          [blue_anna_fruit_fields], lemuel_tele_altar, uniq_grum, uniq_maggie
D:9:      minmay_slanted_spiral_squares, layout_basic,
          grunt_lair_entry_orc_guard_hut, special_room [special_room_bee],
          serial_shops, shop, shop, minmay_misc_feat_five,
          minmay_misc_feat_ornament
D:10:     cheibrodos_histonic, layout_long_grid, st_stairs_13
D:11:     lemuel_slime, layout_loops_ring, uniq_psyche
D:12:     layout_rooms, orc_0_dummy, gauntlet_entry_generic
D:13:     layout_roguey
D:14:     layout_roguey, erik_vaults_2, gammafunk_ghost_berserking_beasts,
          kennysheep_boxes
Temple:   nicolae_temple_the_god_donut
Orc:1:    nicolae_orc_accident_3, layout_caves
Orc:2:    grunt_orc_tribal_feast, layout_diamond_mine, serial_shops, shop,
          portal_ice_cave_entry_pillars_1

Skill      XL: |  1  2  3  4  5  6  7  8  9 10 11 12 13 14 15 |
---------------+----------------------------------------------+-----
Stealth        | 3 |  3.0
Ice Magic      | 5 6 7 8 9 10 12 13 15 16 17 18 | 18.8
Spellcasting   | 4 5 6 7 8 10 11 13 14 16 | 16.1
Evocations     | 1 3 6 |  6.4
Shields        | 1 3 4 |  4.0
Dodging        | 5 8 10 | 10.6
Fighting       | 5 8 9 |  9.0

Action                   |  1- 3 |  4- 6 |  7- 9 | 10-12 | 13-15 || total
-------------------------+-------+-------+-------+-------+-------++-------
Melee: Spear             |     6 |     1 |       |       |       ||     7
       Flail             |       |    22 |    85 |    19 |       ||   126
       Hand axe          |       |       |       |       |   261 ||   261
 Fire: Hunting sling     |       |     7 |    55 |   240 |       ||   302
Throw: Dart              |       |       |       |     2 |     5 ||     7
 Cast: Freeze            |    39 |     9 |   155 |   122 |    78 ||   403
       Frozen Ramparts   |     2 |     9 |    41 |    77 |    49 ||   178
       Ozocubu's Armour  |       |       |     1 |     4 |     8 ||    13
       Summon Ice Beast  |       |       |    14 |    39 |    38 ||    91
       Stone Arrow       |       |       |     6 |    69 |    12 ||    87
       Metabolic Englaci |       |       |       |     9 |       ||     9
       Hailstorm         |       |       |       |       |    68 ||    68
       Ozocubu's Refrige |       |       |       |       |    26 ||    26
       Leda's Liquefacti |       |       |       |       |     4 ||     4
       Borgnjor's Vile C |       |       |       |       |     4 ||     4
Evoke: Wand              |       |       |       |     1 |     6 ||     7
  Use: Scroll            |       |     7 |     7 |    10 |    11 ||    35
       Potion            |       |       |     7 |     8 |     4 ||    19
 Stab: Sleeping          |       |     1 |     2 |       |       ||     3
       Distracted        |       |       |       |       |     5 ||     5
  Eat: Chunk             |       |     1 |    24 |    19 |    24 ||    68
       Ration            |       |     1 |       |     2 |     3 ||     6
Armor: Robe              |     3 |    14 |    43 |     1 |       ||    61
       Steam dragon scal |       |       |       |    60 |    36 ||    96
       Skin              |       |       |       |     1 |       ||     1
       Leather armour    |       |       |       |       |     6 ||     6
Dodge: Dodged            |    30 |    25 |   154 |   191 |   324 ||   724
Block: Buckler           |       |       |    13 |    81 |   224 ||   318
       Reflection        |       |       |       |     4 |    13 ||    17

Table legend:
 A = Non-vault XP
 B = Vault XP
 C = Vault XP percentage of total XP
 D = Non-vault monster count
 E = Vault monster count
 F = Vault count percentage of total count
                 A         B        C        D         E       F
            +---------+---------+-------+---------+---------+-------
      Total |   35443 |   46240 |  56.6 |     390 |     235 |  37.6
            +---------+---------+-------+---------+---------+-------
        D:1 |      38 |       0 |   0.0 |      24 |       0 |   0.0
        D:2 |      86 |       0 |   0.0 |      22 |       0 |   0.0
        D:3 |      83 |       1 |   1.2 |      26 |       1 |   3.7
        D:4 |     239 |       0 |   0.0 |       9 |       0 |   0.0
        D:5 |     379 |     239 |  38.7 |      17 |       8 |  32.0
        D:6 |     800 |       0 |   0.0 |      20 |       0 |   0.0
        D:7 |    1143 |       0 |   0.0 |      35 |       0 |   0.0
        D:8 |    1589 |    3128 |  66.3 |      25 |      14 |  35.9
        D:9 |    2792 |    3993 |  58.9 |      22 |      32 |  59.3
       D:10 |    2461 |    3163 |  56.2 |      21 |      19 |  47.5
       D:11 |    3498 |     951 |  21.4 |      26 |      20 |  43.5
       D:12 |    5337 |       0 |   0.0 |      46 |       0 |   0.0
       D:13 |    5025 |       0 |   0.0 |      26 |       0 |   0.0
       D:14 |    7549 |   12148 |  61.7 |      27 |      15 |  35.7
      Orc:1 |    2755 |    1328 |  32.5 |      20 |      10 |  33.3
      Orc:2 |    1669 |    7743 |  82.3 |      24 |      30 |  55.6
      Sewer |       0 |     216 | 100.0 |       0 |      48 | 100.0
      IceCv |       0 |    4803 | 100.0 |       0 |      20 | 100.0
   Gauntlet |       0 |    8527 | 100.0 |       0 |      18 | 100.0
            +---------+---------+-------+---------+---------+-------
